 Dungeon Crawl Stone Soup version 0.29.1-1-gd02db6906a (webtiles) character file.

Game seed: 1958457904110598655

10 xian the Trooper (level 2, -5/24 HPs)
             Began as a Demonspawn Abyssal Knight on Oct 8, 2022.
             Was a Believer of Lugonu.
             Slain by a gnoll
             ... wielding a +0 flail
              (6 damage)
             ... on level 1 of the Dungeon.
             The game lasted 00:01:06 (585 turns).

xian the Trooper (Demonspawn Abyssal Knight)         Turns: 585, Time: 00:01:06

Health: -5/24      AC:  3    Str: 13    XL:     2   Next: 10%
Magic:  4/4        EV: 11    Int: 11    God:    Lugonu [**....]
Gold:   0          SH:  0    Dex: 13    Spells: 1/1 levels left

rFire   . . .      SeeInvis .   a - +1 hand axe
rCold   . . .      Faith    .   (no shield)
rNeg    . . .      Spirit   .   b - +0 leather armour
rPois   .          Reflect  .   (no helmet)
rElec   .          Harm     .   (no cloak)
rCorr   .          Rampage  .   (no gloves)
Will    .....                   (no boots)
Stlth   +.........              (no amulet)
HPRegen 0.08/turn               (no ring)
MPRegen 0.09/turn               (no ring)

@: no status effects
A: demonic magic 1
a: Renounce Religion, Depart the Abyss, Bend Space


You were on level 1 of the Dungeon.
You worshipped Lugonu.
Lugonu was pleased with you.
You visited 1 branch of the dungeon, and saw 1 of its levels.
You visited the Abyss 1 time.

Inventory:

Hand Weapons
 a - a +1 hand axe (weapon)
Missiles
 c - a stone
 j - 4 poisoned darts
Armour
 b - a +0 leather armour (worn)
Jewellery
 h - a ring of willpower
Scrolls
 d - a scroll of identify {unknown}
 f - a scroll of vulnerability {unknown}
Potions
 e - a potion of cancellation {unknown}
 g - a potion of heal wounds {unknown}
 i - a potion of attraction {unknown}


   Skills:
 + Level 3.2 Fighting
 + Level 2.0 Axes
 + Level 1.9 Armour
 + Level 0.8 Dodging
 + Level 2.8 Invocations


You had one spell level left.
You didn't know any spells.
Your spell library was empty.

Dungeon Overview and Level Annotations

Branches:
Dungeon (1/15)

Altars:


Innate Abilities, Weirdness & Mutations

Spells you cast may paralyse adjacent enemies.


Message History

There are no items here.
Things that are here:
a +0 dagger; 4 poisoned darts; a goblin corpse
Things that are here:
a +0 dagger; 4 poisoned darts; a goblin corpse
Things that are here:
a +0 dagger; 4 poisoned darts; a goblin corpse
j - 4 poisoned darts A rat comes into view.
You hit the rat.
You kill the rat!
Lugonu accepts your kill.
Things that are here:
a +0 dagger; a goblin corpse
Found a stone staircase leading down.
There is a stone staircase leading down here.
A gnoll comes into view. It is wielding a +0 flail.
A rat comes into view.
The gnoll attacks as you move away! The gnoll hits you with a +0 flail.
You hit the gnoll.
The gnoll is moderately wounded.
The gnoll hits you with a +0 flail. x2
You closely miss the gnoll.
The gnoll is moderately wounded.
The gnoll hits you with a +0 flail!
* * * LOW HITPOINT WARNING * * *
You hit the gnoll.
The gnoll is moderately wounded.
The gnoll hits you with a +0 flail.
* * * LOW HITPOINT WARNING * * *
You barely miss the gnoll.
The gnoll is moderately wounded.
The gnoll barely misses you.
You barely miss the gnoll.
The gnoll is moderately wounded.
The gnoll closely misses you.
You hit the gnoll.
The gnoll is severely wounded.
The gnoll completely misses you. The gnoll hits you with a +0 flail.
You die...

.# #.##### .# #.#
.############### #.#
.#.............# #.#
.#.###########.###.#
.#.# #.....#......#
.#.####.###.########
................>#
.#.####.########@#
........# #g#
..####### ##r# ..#
#..# ..# #..## .##
#..## .# ...# .
..... ...###


You could see a gnoll and a rat.

Vanquished Creatures
  3 bats (D:1)
  2 endoplasms (D:1)
  3 goblins (D:1)
  2 rats (D:1)
10 creatures vanquished.

Notes
Turn   | Place    | Note
-------+----------+-------------------------------------------
     0 | Abyss:1  | xian the Demonspawn Abyssal Knight began the quest for the
                  | Orb.
     0 | Abyss:1  | Reached XP level 1. HP: 18/18 MP: 2/2
     1 | D:1      | Escaped the Abyss
   403 | D:1      | Gained mutation: Spells you cast may paralyse adjacent
                  | enemies. [demonic ancestry]
   403 | D:1      | Reached XP level 2. HP: 20/24 MP: 4/4
   582 | D:1      | HP: 1/24 [gnoll/+0 flail (5)]
   585 | D:1      | Slain by a gnoll

Illustrated notes

Levels and vault maps discovered:
D:1:      erik_arrival_orb_chamber, layout_basic

Skill      XL: |  1 |
---------------+----+-----
Axes           | 2 |  2.0
Fighting       | |  3.2
Armour         | |  1.9
Dodging        | |  0.8
Invocations    | |  2.8

Action                   || total
-------------------------++-------
Melee: Hand axe          ||    34
Armor: Leather armour    ||    14
Dodge: Dodged            ||    32
